AoeStats
← die trying

Arabia

503711520Analyzed
1v1 RM · 29d ago on Sep 1, 2026· 21m 49s· 2 players
Game mode
Random Map
Map size
Tiny (2 player)
Population
200
Speed
Normal
Resources
Standard
Victory
Conquest
Starting age
Dark Age
Ending age
Imperial Age
RankedLock teamsTeams togetherTeam positionsShared explorationLock speedFull tech treeHidden civsTurbo modeCheats
Victory
Defeat
🇨🇱 Mongols · Chile
1874
+16
🇭🇰 Mongols · Hong Kong SAR China
1879
-16
die trying
5:30 Loom
7:53 Feudal Age
8:05 Man-at-Arms
11:29 Fletching
21:44 Castle Age
22:06 Padded Archer Armor
21:47 Crossbowman
22:23 Bodkin Arrow
kenkenyau
8:04 Feudal Age
7:51 Loom
11:32 Horse Collar
11:40 Double-Bit Axe
21:03 Fletching
Connection lost

Rejoining the realm…

Still unreachable

The connection could not be restored.

Session expired

The server has moved on; the page needs a fresh start.